Map: Curious Minds LE

Players

RustyShacky - Winner!

  • Race: Terran Terran
  • League: Diamond

A.I. 1 (Very Easy)

  • Race: Zerg Zerg

VOD

Have the link to the VOD?

Description

Time

  • Played on: May 1, 2022, 10:31 a.m.
  • Length: 11:03
Show
View Real Time Build Order
Export as new Build Order

RustyShacky Terran - Winner!

Build Orders: Mech 

Get SALT Encoding   

  12  0:00  SCV  
  13  0:12  SCV  
  14  0:17  Supply Depot  
  14  0:24  SCV  
  15  0:38  SCV  
  15  0:41  Barracks  
  16  0:45  Refinery  
  16  0:50  SCV  
  17  1:03  SCV  
  18  1:16  SCV  
  19  1:30  Marine  
  19  1:32  Orbital Command  
  20  1:43  Command Center  
  20  1:47  Marine  
  21  1:57  SCV  
  21  2:01  Supply Depot  
  21  2:09  SCV  
  21  2:12  Factory  
  22  2:18  Barracks Reactor  
  22  2:21  SCV  
  23  2:30  Bunker, Refinery  
  23  2:33  SCV  
  24  2:45  SCV  
  25  2:55  Orbital Command  
  25  2:56  Factory Tech Lab  
  25  2:58  SCV  
  26  2:59  Starport  
  26  3:02  Refinery  
  26  3:08  Marine  
  26  3:10  SCV  
  26  3:12  Marine  
  29  3:21  Siege Tank  
  29  3:22  SCV  
  29  3:25  SCV  
  34  3:36  SCV  
  34  3:37  Supply Depot  
  34  3:39  SCV  
  36  3:41  Viking  
  38  3:51  Fusion Core  
  38  3:52  SCV x2  
  40  4:03  Supply Depot  
  40  4:04  SCV x2  
  42  4:11  Siege Tank  
  42  4:14  Starport Tech Lab  
  42  4:16  SCV x2  
  47  4:28  SCV x2  
  49  4:36  Marine x2  
  51  4:40  SCV  
  51  4:41  SCV  
  51  4:43  Refinery  
  51  4:45  Battlecruiser  
  59  4:48  Supply Depot  
  59  5:06  Hellion  
  61  5:07  Command Center  
  61  5:10  Hellion  
  61  5:11  Supply Depot  
  63  5:21  Factory  
  63  5:26  SCV x2  
  63  5:27  Factory  
  65  5:33  Hellion  
  69  5:38  SCV x2  
  69  5:40  Supply Depot  
  71  5:49  Hellion  
  71  5:50  SCV x2  
  73  5:59  Supply Depot  
  73  6:01  Armory  
  73  6:02  Battlecruiser  
  79  6:08  Siege Tank  
  82  6:14  Supply Depot  
  82  6:15  SCV x2  
  82  6:17  Factory Tech Lab  
  84  6:33  SCV x2  
  84  6:36  Siege Tank, Hellion x2  
  93  6:42  Siege Tank  
  93  6:45  Orbital Command, SCV x2  
  98  6:57  Refinery  
  98  6:58  Armory  
  98  7:02  SCV  
  98  7:03  SCV, Refinery  
  98  7:08  Thor  
  100  7:09  Supply Depot  
  100  7:11  SCV  
  100  7:14  SCV  
  100  7:15  SCV  
  109  7:19  Thor  
  115  7:24  SCV  
  115  7:29  SCV  
  117  7:31  SCV  
  117  7:32  Supply Depot  
  117  7:36  SCV  
  119  7:39  Supply Depot, Battlecruiser  
  125  7:54  SCV x3  
  125  7:55  Supply Depot  
  125  7:58  Hellion x2  
  132  8:00  Thor  
  132  8:03  Terran Vehicle Weapons Level 1, Terran Vehicle And Ship Armor Level 1  
  138  8:06  SCV x2  
  138  8:08  Weapon Refit  
  140  8:21  Hellion x2  
  140  8:22  Thor  
  150  8:31  Supply Depot, Command Center  
  150  8:33  Factory  
  150  8:35  Supply Depot  
  150  8:43  Engineering Bay  
  150  8:53  Factory, Battlecruiser  
  150  8:55  Hellion x2  
  160  9:02  Supply Depot  
  160  9:04  Supply Depot  
  160  9:08  Thor  
  166  9:19  Factory Tech Lab  
  166  9:23  Hellion x2  
  176  9:36  Supply Depot  
  182  9:40  Factory Tech Lab  
  182  9:56  Thor, Hellion x2  
  182  9:57  Thor x2  
  182  9:58  Thor  
  198  10:17  Planetary Fortress  
  198  10:18  Hellion  
Show
View Real Time Build Order
Export as new Build Order

A.I. 1 (Very Easy) Zerg 

Build Orders: Pool First 

Get SALT Encoding   

  12  0:01  Drone  
  13  0:12  Overlord  
  13  0:16  Drone  
  14  0:34  Spawning Pool  
  13  0:37  Drone  
  13  0:41  Extractor  
  13  0:44  Drone  
  14  0:51  Overlord  
  14  1:22  Queen, Zergling x2  
  17  1:31  Roach Warren  
  16  1:33  Extractor  
  16  1:36  Drone  
  16  1:43  Drone  
  17  1:49  Zergling x2  
  18  2:02  Drone  
  19  2:09  Drone  
  20  2:17  Zergling x2  
  20  2:19  Drone  
  22  2:28  Overlord  
  22  2:31  Drone  
  23  2:38  Drone  
  24  2:45  Drone, Roach  
  27  7:20  Drone  
  27  7:21  Lair, Roach, Overlord  
  30  7:27  Drone  
  31  7:34  Drone  
  32  7:40  Hatchery  
  32  7:42  Drone  
  32  7:57  Roach  
  29  8:18  Overseer  
  29  8:21  Overseer  
  29  8:33  Zergling x2  
  30  8:52  Drone  
  31  8:59  Drone  
  32  9:06  Drone  
  33  9:10  Extractor, Roach  
  33  9:12  Extractor  
  33  9:13  Drone  
  34  9:21  Drone  
  35  9:25  Overseer  
  35  9:28  Drone  
  36  9:35  Drone  
  36  9:37  Overlord  
  37  9:42  Drone  
  38  9:49  Drone  
  39  9:57  Drone  
  40  10:04  Drone  
  41  10:11  Drone  
  42  10:18  Drone  
  43  10:25  Drone  
  44  10:30  Overlord, Zergling x2  
  44  10:32  Drone  
  41  10:38  Overlord  
  41  10:39  Drone  
  41  10:40  Overseer  
  26  10:47  Drone  
Tags
 
Composition
Mech
League
Diamond
Matchup
TvZ
Opening
Pool First
Add a new tag
Caveats
  • Supply blocks, unpowered buildings, or Contaminate may cause inaccurate times.
  • Supply counts are checked every 10 seconds.